Lightning vs Stars

Created - Friday, March 18, 2016 at 02:56

Goals
1 2 3 T
Lightning 2 2 4 8
Stars 1 0 1 2
Shots
1 2 3 T
Lightning 6 13 14 33
Stars 11 4 3 18

1st period

1. Lightning , Patric Hornqvist 40 (Ryan Nugent-Hopkins, Alexander Steen) at 0:34 (PP)
2. Lightning , Brandon Dubinsky 28 (Ryan Strome) at 4:21 (PP)
3. Stars , Manny Malhotra 11 (Mike Richards, Alex Petrovic) at 15:42

Penalties :
John Moore (Dal) for Boarding (Minor) at 0:16, Daniel Paille (Dal) for Roughing (Minor) at 2:57, Brett Ritchie (Dal) for Hooking (Minor) at 4:53, Aaron Johnson (Dal) for Roughing (Minor) at 12:33, Alex Chiasson (TB ) for Holding (Minor) at 15:58

2nd period

4. Lightning , Brandon Dubinsky 29 (Ryan Suter, Ondrej Palat) at 17:48
5. Lightning , Ondrej Palat 32 (Ryan Strome, Brandon Dubinsky) at 18:08

Penalties :
Cory Conacher (Dal) for Hooking (Minor) at 0:43, Michael Stone (TB ) for Hooking (Minor) at 10:23

3rd period

6. Lightning , Ondrej Palat 33 (Ryan Strome, Tyson Barrie) at 0:10
7. Lightning , Alexander Steen 45 (Marc Methot, Ryan Nugent-Hopkins) at 1:59 (PP)
8. Lightning , Leo Komarov 5 (Roman Polak, Ryan Suter) at 4:10 (SH)
9. Stars , Cory Conacher 5 (Mike Richards) at 8:02 (PP)
10. Lightning , Brandon Dubinsky 30 (Ondrej Palat, Carey Price) at 13:42 (PP)

Penalties :
Mike Richards (Dal) for Interference (Minor) at 0:15, Derek MacKenzie (TB ) for High sticking (Minor) at 2:51, Dmitry Kulikov (TB ) for Hooking (Minor) at 3:29, Cory Conacher (Dal) for Interference (Minor) at 4:13, Roman Polak (TB ) for High sticking (Minor) at 6:36, Aaron Johnson (Dal) for Slashing (Minor) at 12:05

Goalie Stats

Carey Price (TB ), 16 saves from 18 shots - (0.889), W, 39-14-7, 60:00 minutes
Tom McCollum (Dal), 15 saves from 19 shots - (0.789), L, 5-36-2, 38:08 minutes
Joacim Eriksson (Dal), 10 saves from 14 shots - (0.714), 21:52 minutes

Players Stats for Lightning

Player Name              G  A  P  +/- PIM S  H  SB GA TA FO     MP     PP MP  PK MP  
------------------------------------------------------------------------------------
Alex Chiasson            0  0  0  -1  2   0  0  0  3  0  0/0     9:08   0:00   0:00 
Alexander Steen          1  1  2   0  0   3  0  0  4  2  0/0    17:17   5:48   0:00 
Brandon Dubinsky         3  1  4   3  0   4  3  0  1  1  10/19  20:21   5:54   4:03 
Derek MacKenzie          0  0  0   0  2   0  2  1  0  0  5/8    12:47   0:00   2:32 
Dmitry Kulikov           0  0  0   1  2   2  1  1  1  0  0/0    22:04   5:15   3:58 
Jiri Tlusty              0  0  0  -1  0   0  2  0  1  0  0/0     8:43   0:00   0:00 
John Mitchell            0  0  0  -1  0   0  1  0  1  0  2/3     8:43   0:00   0:00 
Leo Komarov              1  0  1   1  0   1  3  2  0  0  0/1    13:36   0:00   3:20 
Marc Methot              0  1  1   1  0   0  3  0  0  0  0/0    22:14   5:35   3:03 
Matt Calvert             0  0  0   0  0   1  0  2  0  0  0/0    12:30   0:00   3:30 
Michael Stone            0  0  0   0  2   0  0  0  0  1  0/0    14:05   0:00   0:00 
Ondrej Palat             2  2  4   3  0   8  3  0  1  0  1/2    16:18   5:54   0:00 
Patric Hornqvist         1  0  1   0  0   3  2  0  0  0  0/0    17:17   5:48   0:00 
Roman Polak              0  1  1   1  2   0  1  0  0  4  0/0    17:33   0:00   3:21 
Ryan Nugent-Hopkins      0  2  2   0  0   3  2  0  2  0  10/13  17:17   5:48   0:00 
Ryan Strome              0  3  3   3  0   2  1  1  0  1  0/0    16:18   5:54   0:00 
Ryan Suter               0  2  2   2  0   4  3  2  2  1  0/0    24:57   6:27   4:23 
Tyson Barrie             0  1  1   1  0   2  1  0  0  0  0/0    19:10   6:07   0:00 

Players Stats for Stars

Player Name              G  A  P  +/- PIM S  H  SB GA TA FO     MP     PP MP  PK MP  
------------------------------------------------------------------------------------
Aaron Johnson            0  0  0  -1  4   1  1  2  0  0  0/0    26:32   5:14   7:04 
Alex Petrovic            0  1  1   0  0   1  6  1  1  0  0/0    20:57   2:25   1:52 
Alexandre Burrows        0  0  0  -1  0   1  0  0  2  0  0/0    10:00   0:46   0:00 
Bo Horvat                0  0  0   0  0   0  0  1  1  0  2/5    15:11   2:37   2:46 
Brett Ritchie            0  0  0  -3  2   2  2  0  0  1  1/4    21:30   2:57   5:48 
Casey Cizikas            0  0  0  -1  0   3  1  0  3  3  7/16   22:16   2:39   7:53 
Cory Conacher            1  0  1  -2  4   1  0  0  7  0  1/10   15:36   2:54   0:00 
Daniel Paille            0  0  0  -2  2   1  0  0  1  1  1/1    20:37   3:29   4:36 
Devin Setoguchi          0  0  0   0  0   0  0  0  0  0  1/1     1:33   0:00   0:00 
Erik Haula               0  0  0   0  0   1  0  1  0  0  1/2     1:17   0:00   0:28 
Gabriel Bourque          0  0  0   0  0   0  2  0  0  1  0/1    12:21   0:00   0:00 
John Moore               0  0  0   0  2   0  0  2  1  0  0/0     1:38   0:00   0:31 
Jonathan Drouin          0  0  0   1  0   2  0  0  0  0  0/1    13:42   0:50   0:20 
Manny Malhotra           1  0  1   1  0   1  1  0  0  0  0/0    11:12   0:00   0:00 
Matt Tennyson            0  0  0  -1  0   2  0  1  0  2  0/0    25:19   2:19   8:20 
Mike Richards            0  2  2  -2  2   1  2  1  3  2  4/5    21:19   4:05   1:33 
Patrik Nemeth            0  0  0  -2  0   1  0  1  1  1  0/0    17:05   0:00   0:00 
Ryan Wilson              0  0  0  -2  0   0  1  1  1  0  0/0    28:35   3:34   5:37 

3 Stars

1 - Brandon Dubinsky (TB )
2 - Ondrej Palat (TB )
3 - Ryan Strome (TB )

Power Play

Lightning - 4 on 8 Attempt(s) - 50.00%
Stars - 1 on 5 Attempt(s) - 20.00%

Penalty Kill

Lightning - 4 on 5 Attempt(s) - 80.00% - Score 1 goal in Penalty Kill
Stars - 4 on 8 Attempt(s) - 50.00% - Score 0 goal in Penalty Kill

Team Stat

Lightning - Hits : 28 - Faceoff Wins : 28 - Blocked Shots : 9 - Penalty Minutes : 10
Stars - Hits : 16 - Faceoff Wins : 18 - Blocked Shots : 11 - Penalty Minutes : 16

Official

Referees : Unknown
Linesman : Unknown

Game Notes

Erik Haula is injured at 3:08 of 1st period (Bruised Left Leg)
John Moore is injured at 4:15 of 1st period (Sprained Right Ankle)
Devin Setoguchi is injured at 8:25 of 1st period (Torso)
Joacim Eriksson enters game at 18:08 of 2nd period
Brandon Dubinsky has scored a Hat Trick!

Finance

Level 1 -- Attendance: 4338 (72.30%) -- Ticket Income $433,800
Level 2 -- Attendance: 3496 (69.92%) -- Ticket Income $209,760
Level 3 -- Attendance: 1391 (69.55%) -- Ticket Income $48,685
Level 4 -- Attendance: 3071 (76.78%) -- Ticket Income $61,420
Luxury Box -- Attendance: 651 (65.10%) -- Ticket Income $130,200
Game was played at the American Airlines Arena.
Total Attendance: 12947 (71.93%)
Total Ticket Income: $883,865
Other Income: $433,094
Total Income: $1,316,959

Lightning

5 vs 5 Forward 
   Center                   Left Wing                Right Wing               Time % Phy DF OF 
 1 Ryan Nugent-Hopkins      Alexander Steen          Patric Hornqvist         30     0   2  3  
 2 Brandon Dubinsky         Ondrej Palat             Ryan Strome              30     1   2  2  
 3 John Mitchell            Jiri Tlusty              Alex Chiasson            20     1   2  2  
 4 Derek MacKenzie          Matt Calvert             Leo Komarov              20     1   2  2  

5 vs 5 Defense 
   Defense                  Defense                                           Time % Phy DF OF 
 1 Ryan Suter               Tyson Barrie                                      34     1   2  2  
 2 Dmitry Kulikov           Marc Methot                                       33     1   2  2  
 3 Roman Polak              Michael Stone                                     33     1   2  2  
 4 Ryan Suter               Tyson Barrie                                      0      1   2  2  

PowerPlay Forward 
   Center                   Left Wing                Right Wing               Time % Phy DF OF 
 1 Ryan Nugent-Hopkins      Alexander Steen          Patric Hornqvist         50     0   1  4  
 2 Brandon Dubinsky         Ondrej Palat             Ryan Strome              50     0   1  4  

PowerPlay Defense
   Defense                  Defense                                           Time % Phy DF OF 
 1 Ryan Suter               Tyson Barrie                                      60     1   2  2  
 2 Dmitry Kulikov           Marc Methot                                       40     1   2  2  

Penalty Kill 4 Players Forward 
   Center                   Wing                     Time % Phy DF OF 
 1 Derek MacKenzie          Leo Komarov              50     1   4  0  
 2 Brandon Dubinsky         Matt Calvert             50     1   4  0  

Penalty Kill 4 Players Defense
   Defense                  Defense                  Time % Phy DF OF 
 1 Dmitry Kulikov           Roman Polak              50     1   4  0  
 2 Ryan Suter               Marc Methot              50     1   4  0  

Penalty Kill - 3 Players Forward 
   Forward                                           Time % Phy DF OF 
 1 Derek MacKenzie                                   50     1   4  0  
 2 Brandon Dubinsky                                  50     1   4  0  

Penalty Kill - 3 Players Defense
   Defense                  Defense                  Time % Phy DF OF 
 1 Dmitry Kulikov           Roman Polak              50     1   4  0  
 2 Ryan Suter               Marc Methot              50     1   4  0  

4 vs 4 Forward 
   Center                   Wing                     Time % Phy DF OF 
 1 Ryan Nugent-Hopkins      Patric Hornqvist         50     1   2  2  
 2 Brandon Dubinsky         Ondrej Palat             50     1   2  2  

4 vs 4 Defense
   Defense                  Defense                  Time % Phy DF OF 
 1 Ryan Suter               Tyson Barrie             50     1   2  2  
 2 Dmitry Kulikov           Marc Methot              50     1   2  2  

Last Minutes Offensive
   Center                   Left Wing                Right Wing               Defense                  Defense                  
   Ryan Nugent-Hopkins      Alexander Steen          Patric Hornqvist         Ryan Suter               Tyson Barrie             

Last Minutes Defensive
   Center                   Left Wing                Right Wing               Defense                  Defense                  
   Brandon Dubinsky         Alexander Steen          Leo Komarov              Ryan Suter               Roman Polak              

Goaltenders
Starting : Carey Price              
Backup : Mike Smith               

Extra Forwards
Normal : Ryan Nugent-Hopkins, Patric Hornqvist, Brandon Dubinsky - PP : Ryan Nugent-Hopkins, Patric Hornqvist - PK : Leo Komarov
Extra Defensemen
Normal : Ryan Suter, Dmitry Kulikov, Marc Methot - PP : Ryan Suter - PK : Roman Polak, Ryan Suter
Penalty Shots
Alexander Steen, Derek MacKenzie, Ryan Strome, Ryan Nugent-Hopkins, Patric Hornqvist

Stars

5 vs 5 Forward 
   Center                   Left Wing                Right Wing               Time % Phy DF OF 
 1 Cory Conacher            Mike Richards            Brett Ritchie            35     1   2  2  
 2 Devin Setoguchi          Daniel Paille            Gabriel Bourque          30     1   2  2  
 3 Casey Cizikas            Erik Haula               Alexandre Burrows        22     1   2  2  
 4 Mike Richards            Manny Malhotra           Jonathan Drouin          13     1   2  2  

5 vs 5 Defense 
   Defense                  Defense                                           Time % Phy DF OF 
 1 Alex Petrovic            John Moore                                        35     1   2  2  
 2 Patrik Nemeth            Matt Tennyson                                     30     1   2  2  
 3 Ryan Wilson              Patrik Nemeth                                     22     1   2  2  
 4 Aaron Johnson            John Moore                                        13     1   2  2  

PowerPlay Forward 
   Center                   Left Wing                Right Wing               Time % Phy DF OF 
 1 Brett Ritchie            Casey Cizikas            Cory Conacher            60     1   2  2  
 2 Erik Haula               Daniel Paille            Mike Richards            40     1   2  2  

PowerPlay Defense
   Defense                  Defense                                           Time % Phy DF OF 
 1 Aaron Johnson            John Moore                                        60     1   2  2  
 2 Ryan Wilson              Matt Tennyson                                     40     1   2  2  

Penalty Kill 4 Players Forward 
   Center                   Wing                     Time % Phy DF OF 
 1 Erik Haula               Brett Ritchie            60     1   2  2  
 2 Mike Richards            Casey Cizikas            40     1   2  2  

Penalty Kill 4 Players Defense
   Defense                  Defense                  Time % Phy DF OF 
 1 Aaron Johnson            Ryan Wilson              60     1   2  2  
 2 John Moore               Matt Tennyson            40     1   2  2  

Penalty Kill - 3 Players Forward 
   Forward                                           Time % Phy DF OF 
 1 Casey Cizikas                                     60     1   2  2  
 2 Brett Ritchie                                     40     1   2  2  

Penalty Kill - 3 Players Defense
   Defense                  Defense                  Time % Phy DF OF 
 1 Ryan Wilson              John Moore               60     1   2  2  
 2 Aaron Johnson            Matt Tennyson            40     1   2  2  

4 vs 4 Forward 
   Center                   Wing                     Time % Phy DF OF 
 1 Brett Ritchie            Erik Haula               60     1   2  2  
 2 Mike Richards            Casey Cizikas            40     1   2  2  

4 vs 4 Defense
   Defense                  Defense                  Time % Phy DF OF 
 1 Ryan Wilson              Aaron Johnson            60     1   2  2  
 2 John Moore               Matt Tennyson            40     1   2  2  

Last Minutes Offensive
   Center                   Left Wing                Right Wing               Defense                  Defense                  
   Cory Conacher            Mike Richards            Brett Ritchie            Alex Petrovic            John Moore               

Last Minutes Defensive
   Center                   Left Wing                Right Wing               Defense                  Defense                  
   Cory Conacher            Mike Richards            Brett Ritchie            Alex Petrovic            John Moore               

Goaltenders
Starting : Tom McCollum             
Backup : Joacim Eriksson          

Extra Forwards
Normal : Erik Haula, Casey Cizikas, Brett Ritchie - PP : Erik Haula, Brett Ritchie - PK : Erik Haula
Extra Defensemen
Normal : Ryan Wilson, John Moore, Aaron Johnson - PP : Ryan Wilson - PK : John Moore, Aaron Johnson
Penalty Shots
Daniel Paille, Erik Haula, Brett Ritchie, Casey Cizikas, Mike Richards

% Time on Ice - Lightning

Lines # - Real PCT - Wanted PCT - Time Play
Normal Forward
1 - 30% - 30% - 12:07
2 - 26% - 30% - 10:24
3 - 22% - 20% - 8:44
4 - 22% - 20% - 9:00
Normal Defense
1 - 33% - 34% - 13:08
2 - 33% - 33% - 13:12
3 - 35% - 33% - 13:55
4 - 0% - 0% - 0:00
PP Forward
1 - 50% - 50% - 5:49
2 - 50% - 50% - 5:55
PP Defense
1 - 52% - 60% - 6:08
2 - 48% - 40% - 5:36
PK Forward
1 - 42% - 50% - 2:32
2 - 58% - 50% - 3:30
PK Defense
1 - 66% - 50% - 3:59
2 - 34% - 50% - 2:03
PK3 Forward
1 - 59% - 50% - 0:48
2 - 41% - 50% - 0:33
PK3 Defense
1 - 59% - 50% - 0:48
2 - 41% - 50% - 0:33
44 Forward
1 - 100% - 50% - 0:38
2 - 0% - 50% - 0:00
44 Defense
1 - 37% - 50% - 0:14
2 - 63% - 50% - 0:24
Last Minute Offensive  - 0:00
Last Minute Defensive  - 0:00
Total
Forward - 60:00
Defense - 60:00

% Time on Ice - Stars

Lines # - Real PCT - Wanted PCT - Time Play
Normal Forward
1 - 18% - 35% - 7:18
2 - 39% - 30% - 15:41
3 - 21% - 22% - 8:20
4 - 22% - 13% - 8:56
Normal Defense
1 - 45% - 35% - 18:03
2 - 29% - 30% - 11:40
3 - 10% - 22% - 3:53
4 - 17% - 13% - 6:39
PP Forward
1 - 28% - 60% - 1:54
2 - 72% - 40% - 4:52
PP Defense
1 - 99% - 60% - 6:43
2 - 1% - 40% - 0:03
PK Forward
1 - 87% - 60% - 10:10
2 - 13% - 40% - 1:34
PK Defense
1 - 29% - 60% - 3:23
2 - 71% - 40% - 8:21
PK3 Forward
1 - 0% - 60%
2 - 0% - 40%
PK3 Defense
1 - 0% - 60%
2 - 0% - 40%
44 Forward
1 - 100% - 60% - 1:15
2 - 0% - 40% - 0:00
44 Defense
1 - 92% - 60% - 1:09
2 - 8% - 40% - 0:06
Last Minute Offensive  - 0:00
Last Minute Defensive  - 0:00
Total
Forward - 60:00
Defense - 60:00

Play by Play

1st period


0:01 of 1st period - Ryan Nugent-Hopkins wins face-off versus Cory Conacher in neutral zone.
0:14 of 1st period - Snap shot by Ryan Nugent-Hopkins.
0:14 of 1st period - Stopped by Tom McCollum with a rebound.
0:16 of 1st period - Minor Penalty to John Moore for Boarding.
0:17 of 1st period - Erik Haula wins face-off versus Ryan Nugent-Hopkins in Stars zone.
0:34 of 1st period - Snap shot by Patric Hornqvist.
0:34 of 1st period - Goal by Patric Hornqvist - Lightning : 1 - Stars : 0.
0:35 of 1st period - Devin Setoguchi wins face-off versus Brandon Dubinsky in neutral zone.
0:40 of 1st period - Slapshot by Matt Tennyson.
0:40 of 1st period - Stopped by Carey Price with a rebound.
1:24 of 1st period - Wrist shot by Erik Haula.
1:24 of 1st period - Stopped by Carey Price without a rebound.
1:25 of 1st period - John Mitchell wins face-off versus Casey Cizikas in Lightning zone.
1:45 of 1st period - Wrist shot by Alexandre Burrows.
1:45 of 1st period - Stopped by Carey Price with a rebound.
2:14 of 1st period - Off-side.
2:15 of 1st period - Derek MacKenzie wins face-off versus Cory Conacher in neutral zone.
2:28 of 1st period - Snap shot by Ryan Wilson.
2:28 of 1st period - Shot Misses the Net.
2:30 of 1st period - Snap shot by Ryan Wilson.
2:30 of 1st period - Shot Blocked by Leo Komarov.
2:32 of 1st period - Slapshot by Patrik Nemeth.
2:32 of 1st period - Stopped by Carey Price without a rebound.
2:33 of 1st period - Ryan Nugent-Hopkins wins face-off versus Gabriel Bourque in Lightning zone.
2:57 of 1st period - Minor Penalty to Daniel Paille for Roughing.
2:58 of 1st period - Brandon Dubinsky wins face-off versus Erik Haula in Stars zone.
3:08 of 1st period - Slapshot by Ondrej Palat.
3:08 of 1st period - Shot Blocked by Erik Haula.
3:08 of 1st period - Erik Haula from Stars is injured at 3:08 of 1st period (Bruised Left Leg).
3:09 of 1st period - Brandon Dubinsky wins face-off versus Casey Cizikas in Stars zone.
3:14 of 1st period - Snap shot by Ryan Strome.
3:14 of 1st period - Shot Blocked by Aaron Johnson.
3:35 of 1st period - Wrist shot by Ondrej Palat.
3:35 of 1st period - Shot Misses the Net.
3:43 of 1st period - Slapshot by Brett Ritchie.
3:43 of 1st period - Stopped by Carey Price without a rebound.
3:44 of 1st period - Mike Richards wins face-off versus Ryan Nugent-Hopkins in Lightning zone.
4:11 of 1st period - Snap shot by Patric Hornqvist.
4:11 of 1st period - Shot Blocked by John Moore.
4:13 of 1st period - Slapshot by Dmitry Kulikov.
4:13 of 1st period - Deflect By Patric Hornqvist.
4:13 of 1st period - Stopped by Tom McCollum with a rebound.
4:15 of 1st period - Snap shot by Marc Methot.
4:15 of 1st period - Shot Blocked by John Moore.
4:15 of 1st period - John Moore from Stars is injured at 4:15 of 1st period (Sprained Right Ankle).
4:16 of 1st period - Brandon Dubinsky wins face-off versus Casey Cizikas in Stars zone.
4:21 of 1st period - Snap shot by Brandon Dubinsky.
4:21 of 1st period - Goal by Brandon Dubinsky - Lightning : 2 - Stars : 0.
4:22 of 1st period - Cory Conacher wins face-off versus Brandon Dubinsky in neutral zone.
4:53 of 1st period - Minor Penalty to Brett Ritchie for Hooking.
4:54 of 1st period - Daniel Paille wins face-off versus Ryan Nugent-Hopkins in Stars zone.
5:47 of 1st period - Casey Cizikas is hit by Ondrej Palat and loses puck.
6:20 of 1st period - Daniel Paille is hit by Marc Methot and loses puck.
6:53 of 1st period - Penalty to Brett Ritchie is over, Brett Ritchie is back on ice.
7:07 of 1st period - Manny Malhotra is hit by Ryan Suter and loses puck.
7:18 of 1st period - Snap shot by Mike Richards.
7:18 of 1st period - Shot Misses the Net.
8:24 of 1st period - Devin Setoguchi is hit by Jiri Tlusty and loses puck.
8:25 of 1st period - Devin Setoguchi from Stars is injured at 8:25 of 1st period (Torso).
8:26 of 1st period - Ryan Nugent-Hopkins wins face-off versus Cory Conacher in Stars zone.
9:05 of 1st period - Patrik Nemeth is hit by Ryan Suter and loses puck.
9:12 of 1st period - Patrik Nemeth is hit by Tyson Barrie and loses puck.
10:18 of 1st period - Snap shot by Alexandre Burrows.
10:18 of 1st period - Deflect By Casey Cizikas.
10:18 of 1st period - Stopped by Carey Price with a rebound.
10:20 of 1st period - Slapshot by Aaron Johnson.
10:20 of 1st period - Shot Blocked by Derek MacKenzie.
10:22 of 1st period - Wrist shot by Aaron Johnson.
10:22 of 1st period - Stopped by Carey Price with a rebound.
10:46 of 1st period - Wrist shot by Jonathan Drouin.
10:46 of 1st period - Stopped by Carey Price without a rebound.
10:47 of 1st period - John Mitchell wins face-off versus Casey Cizikas in Lightning zone.
11:46 of 1st period - Jonathan Drouin is hit by Ryan Nugent-Hopkins and loses puck.
12:14 of 1st period - Wrist shot by Daniel Paille.
12:14 of 1st period - Shot Misses the Net.
12:33 of 1st period - Minor Penalty to Aaron Johnson for Roughing.
12:34 of 1st period - Casey Cizikas wins face-off versus Brandon Dubinsky in Stars zone.
12:34 of 1st period - Casey Cizikas is hit by Brandon Dubinsky.
13:08 of 1st period - Off-side.
13:09 of 1st period - Bo Horvat wins face-off versus Ondrej Palat in neutral zone.
13:18 of 1st period - Ryan Wilson is hit by Ryan Strome and loses puck.
14:05 of 1st period - Snap shot by Ondrej Palat.
14:05 of 1st period - Stopped by Tom McCollum with a rebound.
14:33 of 1st period - Penalty to Aaron Johnson is over, Aaron Johnson is back on ice.
15:36 of 1st period - Slapshot by Mike Richards.
15:36 of 1st period - Shot Misses the Net.
15:38 of 1st period - Snap shot by Alex Petrovic.
15:38 of 1st period - Stopped by Carey Price with a rebound.
15:40 of 1st period - Wrist shot by Mike Richards.
15:40 of 1st period - Shot Misses the Net.
15:42 of 1st period - Snap shot by Manny Malhotra.
15:42 of 1st period - Goal by Manny Malhotra - Lightning : 2 - Stars : 1.
15:43 of 1st period - Casey Cizikas wins face-off versus John Mitchell in neutral zone.
15:48 of 1st period - Jiri Tlusty is hit by Gabriel Bourque and loses puck.
15:58 of 1st period - Minor Penalty to Alex Chiasson for Holding.
15:59 of 1st period - Casey Cizikas wins face-off versus Derek MacKenzie in Lightning zone.
16:04 of 1st period - Snap shot by Mike Richards.
16:04 of 1st period - Shot Blocked by Dmitry Kulikov.
16:06 of 1st period - Snap shot by Daniel Paille.
16:06 of 1st period - Stopped by Carey Price with a rebound.
16:14 of 1st period - Snap shot by Mike Richards.
16:14 of 1st period - Shot Misses the Net.
17:26 of 1st period - Brandon Dubinsky is hit by Alex Petrovic and loses puck.
17:48 of 1st period - Derek MacKenzie is hit by Aaron Johnson and loses puck.
17:58 of 1st period - Penalty to Alex Chiasson is over, Alex Chiasson is back on ice.
18:01 of 1st period - Snap shot by Alex Chiasson.
18:01 of 1st period - Shot Misses the Net.
19:00 of 1st period - Ryan Wilson is hit by Patric Hornqvist and loses puck.
19:23 of 1st period - Snap shot by Alex Chiasson.
19:23 of 1st period - Shot Misses the Net.
19:25 of 1st period - Wrist shot by Ryan Suter.
19:25 of 1st period - Stopped by Tom McCollum with a rebound.
19:27 of 1st period - Snap shot by Alex Chiasson.
19:27 of 1st period - Shot Misses the Net.
19:57 of 1st period - Mike Richards is hit by Ondrej Palat and loses puck.
Goals for this period are 2 for Lightning vs 1 for Stars.
Shots for this period are 6 for Lightning vs 11 for Stars.

2nd period


0:01 of 2nd period - Brandon Dubinsky wins face-off versus Cory Conacher in neutral zone.
0:29 of 2nd period - Wrist shot by Ondrej Palat.
0:29 of 2nd period - Stopped by Tom McCollum with a rebound.
0:31 of 2nd period - Wrist shot by Ryan Strome.
0:31 of 2nd period - Stopped by Tom McCollum with a rebound.
0:43 of 2nd period - Minor Penalty to Cory Conacher for Hooking.
0:44 of 2nd period - Ryan Nugent-Hopkins wins face-off versus Casey Cizikas in Stars zone.
1:18 of 2nd period - Off-side.
1:19 of 2nd period - Casey Cizikas wins face-off versus Brandon Dubinsky in neutral zone.
2:10 of 2nd period - Casey Cizikas is hit by Marc Methot and loses puck.
2:28 of 2nd period - Icing by Alexander Steen.
2:29 of 2nd period - Ryan Nugent-Hopkins wins face-off versus Bo Horvat in Lightning zone.
2:43 of 2nd period - Penalty to Cory Conacher is over, Cory Conacher is back on ice.
3:02 of 2nd period - Cory Conacher is hit by Leo Komarov.
3:20 of 2nd period - Snap shot by Tyson Barrie.
3:20 of 2nd period - Stopped by Tom McCollum with a rebound.
3:26 of 2nd period - Bo Horvat is hit by Derek MacKenzie and loses puck.
3:37 of 2nd period - Wrist shot by Bo Horvat.
3:37 of 2nd period - Shot Blocked by Ryan Suter.
5:05 of 2nd period - Snap shot by Alexander Steen.
5:05 of 2nd period - Shot Misses the Net.
5:50 of 2nd period - Ryan Wilson is hit by Dmitry Kulikov and loses puck.
6:10 of 2nd period - Michael Stone is hit by Alex Petrovic and loses puck.
6:21 of 2nd period - Jonathan Drouin is hit by John Mitchell and loses puck.
6:47 of 2nd period - Alexandre Burrows is hit by Patric Hornqvist.
7:15 of 2nd period - Slapshot by Tyson Barrie.
7:15 of 2nd period - Stopped by Tom McCollum with a rebound.
7:29 of 2nd period - Wrist shot by Ryan Strome.
7:29 of 2nd period - Stopped by Tom McCollum with a rebound.
7:31 of 2nd period - Snap shot by Dmitry Kulikov.
7:31 of 2nd period - Stopped by Tom McCollum without a rebound.
7:32 of 2nd period - Mike Richards wins face-off versus Brandon Dubinsky in Stars zone.
8:10 of 2nd period - Marc Methot is hit by Gabriel Bourque and loses puck.
8:17 of 2nd period - Alex Chiasson is hit by Brett Ritchie and loses puck.
9:08 of 2nd period - Snap shot by Ryan Nugent-Hopkins.
9:08 of 2nd period - Stopped by Tom McCollum with a rebound.
9:56 of 2nd period - Wrist shot by Bo Horvat.
9:56 of 2nd period - Shot Misses the Net.
10:23 of 2nd period - Minor Penalty to Michael Stone for Hooking.
10:24 of 2nd period - Derek MacKenzie wins face-off versus Cory Conacher in Lightning zone.
10:35 of 2nd period - Ryan Wilson is hit by Ryan Suter.
11:11 of 2nd period - Matt Calvert is hit by Alex Petrovic and loses puck.
11:22 of 2nd period - Jonathan Drouin is hit by Brandon Dubinsky and loses puck.
11:43 of 2nd period - Marc Methot is hit by Ryan Wilson and loses puck.
11:52 of 2nd period - Snap shot by Leo Komarov.
11:52 of 2nd period - Shot Misses the Net.
12:23 of 2nd period - Penalty to Michael Stone is over, Michael Stone is back on ice.
13:02 of 2nd period - Backhand shot by Jiri Tlusty.
13:02 of 2nd period - Shot Misses the Net.
13:26 of 2nd period - Patrik Nemeth is hit by Brandon Dubinsky and loses puck.
13:47 of 2nd period - Snap shot by Ondrej Palat.
13:47 of 2nd period - Shot Misses the Net.
13:57 of 2nd period - Manny Malhotra is hit by Roman Polak and loses puck.
14:16 of 2nd period - Snap shot by Jonathan Drouin.
14:16 of 2nd period - Stopped by Carey Price with a rebound.
14:20 of 2nd period - Slapshot by Jonathan Drouin.
14:20 of 2nd period - Shot Misses the Net.
15:13 of 2nd period - Manny Malhotra is hit by Leo Komarov and loses puck.
15:46 of 2nd period - Off-side.
15:47 of 2nd period - Bo Horvat wins face-off versus Brandon Dubinsky in neutral zone.
15:52 of 2nd period - Snap shot by Jonathan Drouin.
15:52 of 2nd period - Shot Misses the Net.
16:06 of 2nd period - Backhand shot by Brandon Dubinsky.
16:06 of 2nd period - Stopped by Tom McCollum with a rebound.
16:16 of 2nd period - Snap shot by Ondrej Palat.
16:16 of 2nd period - Stopped by Tom McCollum without a rebound.
16:17 of 2nd period - Derek MacKenzie wins face-off versus Casey Cizikas in Stars zone.
16:34 of 2nd period - Wrist shot by Casey Cizikas.
16:34 of 2nd period - Stopped by Carey Price with a rebound.
16:36 of 2nd period - Wrist shot by Matt Tennyson.
16:36 of 2nd period - Shot Blocked by Leo Komarov.
17:14 of 2nd period - Wrist shot by Jonathan Drouin.
17:14 of 2nd period - Deflect By Alexander Steen.
17:14 of 2nd period - Shot Misses the Net.
17:14 of 2nd period - Puck is out of play.
17:15 of 2nd period - Ryan Nugent-Hopkins wins face-off versus Bo Horvat in Lightning zone.
17:30 of 2nd period - Snap shot by Patric Hornqvist.
17:30 of 2nd period - Shot Blocked by Alex Petrovic.
17:32 of 2nd period - Snap shot by Alexander Steen.
17:32 of 2nd period - Shot Misses the Net.
17:34 of 2nd period - Slapshot by Dmitry Kulikov.
17:34 of 2nd period - Shot Misses the Net.
17:36 of 2nd period - Wrist shot by Alexander Steen.
17:36 of 2nd period - Shot Misses the Net.
17:38 of 2nd period - Slapshot by Dmitry Kulikov.
17:38 of 2nd period - Deflect By Jonathan Drouin.
17:38 of 2nd period - Stopped by Tom McCollum with a rebound.
17:40 of 2nd period - Wrist shot by Alexander Steen.
17:40 of 2nd period - Stopped by Tom McCollum without a rebound.
17:41 of 2nd period - Ondrej Palat wins face-off versus Casey Cizikas in Stars zone.
17:46 of 2nd period - Wrist shot by Brandon Dubinsky.
17:46 of 2nd period - Shot Blocked by Patrik Nemeth.
17:48 of 2nd period - Slapshot by Ryan Suter.
17:48 of 2nd period - Deflect By Brandon Dubinsky.
17:48 of 2nd period - Goal by Brandon Dubinsky - Lightning : 3 - Stars : 1.
17:49 of 2nd period - Brandon Dubinsky wins face-off versus Cory Conacher in neutral zone.
18:08 of 2nd period - Wrist shot by Ondrej Palat.
18:08 of 2nd period - Goal by Ondrej Palat - Lightning : 4 - Stars : 1.
18:08 of 2nd period - Joacim Eriksson enters game.
18:09 of 2nd period - Casey Cizikas wins face-off versus Brandon Dubinsky in neutral zone.
18:12 of 2nd period - Slapshot by Matt Tennyson.
18:12 of 2nd period - Shot Blocked by Ryan Suter.
18:14 of 2nd period - Slapshot by Matt Tennyson.
18:14 of 2nd period - Shot Blocked by Ryan Strome.
18:16 of 2nd period - Slapshot by Patrik Nemeth.
18:16 of 2nd period - Deflect By Casey Cizikas.
18:16 of 2nd period - Stopped by Carey Price with a rebound.
18:30 of 2nd period - Wrist shot by Daniel Paille.
18:30 of 2nd period - Shot Misses the Net.
18:32 of 2nd period - Wrist shot by Matt Tennyson.
18:32 of 2nd period - Stopped by Carey Price without a rebound.
18:33 of 2nd period - Ryan Nugent-Hopkins wins face-off versus Cory Conacher in Lightning zone.
19:10 of 2nd period - Marc Methot is hit by Alex Petrovic.
19:49 of 2nd period - Manny Malhotra is hit by Marc Methot and loses puck.
19:56 of 2nd period - Brandon Dubinsky is hit by Manny Malhotra.
Goals for this period are 2 for Lightning vs 0 for Stars.
Shots for this period are 13 for Lightning vs 4 for Stars.

3rd period


0:01 of 3rd period - Brandon Dubinsky wins face-off versus Cory Conacher in neutral zone.
0:10 of 3rd period - Slapshot by Ondrej Palat.
0:10 of 3rd period - Goal by Ondrej Palat - Lightning : 5 - Stars : 1.
0:11 of 3rd period - Brandon Dubinsky wins face-off versus Cory Conacher in neutral zone.
0:15 of 3rd period - Minor Penalty to Mike Richards for Interference.
0:16 of 3rd period - Ryan Nugent-Hopkins wins face-off versus Casey Cizikas in Stars zone.
0:28 of 3rd period - Wrist shot by Patric Hornqvist.
0:28 of 3rd period - Stopped by Joacim Eriksson with a rebound.
1:08 of 3rd period - Brett Ritchie is hit by Ondrej Palat and loses puck.
1:57 of 3rd period - Slapshot by Alexander Steen.
1:57 of 3rd period - Shot Blocked by Bo Horvat.
1:59 of 3rd period - Slapshot by Marc Methot.
1:59 of 3rd period - Deflect By Alexander Steen.
1:59 of 3rd period - Goal by Alexander Steen - Lightning : 6 - Stars : 1.
2:00 of 3rd period - Mike Richards wins face-off versus Derek MacKenzie in neutral zone.
2:09 of 3rd period - Backhand shot by Mike Richards.
2:09 of 3rd period - Deflect By Tyson Barrie.
2:09 of 3rd period - Shot Blocked by Matt Calvert.
2:09 of 3rd period - Puck is out of play.
2:10 of 3rd period - Derek MacKenzie wins face-off versus Mike Richards in Lightning zone.
2:19 of 3rd period - Wrist shot by Mike Richards.
2:19 of 3rd period - Stopped by Carey Price with a rebound.
2:51 of 3rd period - Minor Penalty to Derek MacKenzie for High sticking.
2:52 of 3rd period - Brandon Dubinsky wins face-off versus Brett Ritchie in Lightning zone.
3:02 of 3rd period - Dmitry Kulikov is hit by Casey Cizikas and loses puck.
3:29 of 3rd period - Minor Penalty to Dmitry Kulikov for Hooking.
3:30 of 3rd period - Brett Ritchie wins face-off versus Leo Komarov in Lightning zone.
3:37 of 3rd period - Snap shot by Mike Richards.
3:37 of 3rd period - Shot Misses the Net.
3:51 of 3rd period - Slapshot by Ryan Suter.
3:51 of 3rd period - Shot Misses the Net.
4:01 of 3rd period - Ryan Suter is hit by Mike Richards and loses puck.
4:08 of 3rd period - Wrist shot by Leo Komarov.
4:08 of 3rd period - Shot Blocked by Aaron Johnson.
4:10 of 3rd period - Snap shot by Roman Polak.
4:10 of 3rd period - Deflect By Leo Komarov.
4:10 of 3rd period - Goal by Leo Komarov - Lightning : 7 - Stars : 1.
4:11 of 3rd period - Brandon Dubinsky wins face-off versus Brett Ritchie in neutral zone.
4:13 of 3rd period - Minor Penalty to Cory Conacher for Interference.
4:14 of 3rd period - Brandon Dubinsky wins face-off versus Brett Ritchie in Stars zone.
4:22 of 3rd period - Slapshot by Ryan Suter.
4:22 of 3rd period - Stopped by Joacim Eriksson with a rebound.
4:51 of 3rd period - Penalty to Derek MacKenzie is over, Derek MacKenzie is back on ice.
5:29 of 3rd period - Penalty to Dmitry Kulikov is over, Dmitry Kulikov is back on ice.
5:47 of 3rd period - Bo Horvat is hit by Ryan Nugent-Hopkins and loses puck.
5:56 of 3rd period - Slapshot by Ryan Nugent-Hopkins.
5:56 of 3rd period - Stopped by Joacim Eriksson without a rebound.
5:57 of 3rd period - Casey Cizikas wins face-off versus Brandon Dubinsky in Stars zone.
6:13 of 3rd period - Penalty to Cory Conacher is over, Cory Conacher is back on ice.
6:18 of 3rd period - Snap shot by Ondrej Palat.
6:18 of 3rd period - Shot Misses the Net.
6:20 of 3rd period - Slapshot by Dmitry Kulikov.
6:20 of 3rd period - Shot Blocked by Ryan Wilson.
6:28 of 3rd period - Snap shot by Ondrej Palat.
6:28 of 3rd period - Stopped by Joacim Eriksson with a rebound.
6:36 of 3rd period - Minor Penalty to Roman Polak for High sticking.
6:37 of 3rd period - Derek MacKenzie wins face-off versus Bo Horvat in Lightning zone.
8:02 of 3rd period - Wrist shot by Cory Conacher.
8:02 of 3rd period - Goal by Cory Conacher - Lightning : 7 - Stars : 2.
8:03 of 3rd period - Ryan Nugent-Hopkins wins face-off versus Jonathan Drouin in neutral zone.
8:14 of 3rd period - Ryan Nugent-Hopkins is hit by Alex Petrovic and loses puck.
9:33 of 3rd period - Alex Petrovic is hit by Leo Komarov and loses puck.
9:48 of 3rd period - Snap shot by Matt Calvert.
9:48 of 3rd period - Stopped by Joacim Eriksson with a rebound.
9:50 of 3rd period - Wrist shot by Derek MacKenzie.
9:50 of 3rd period - Shot Blocked by Mike Richards.
10:24 of 3rd period - Dmitry Kulikov is hit by Alex Petrovic and loses puck.
11:02 of 3rd period - Wrist shot by Ryan Nugent-Hopkins.
11:02 of 3rd period - Shot Misses the Net.
11:04 of 3rd period - Slapshot by Dmitry Kulikov.
11:04 of 3rd period - Shot Blocked by Matt Tennyson.
12:05 of 3rd period - Minor Penalty to Aaron Johnson for Slashing.
12:06 of 3rd period - Casey Cizikas wins face-off versus Brandon Dubinsky in Stars zone.
12:27 of 3rd period - Wrist shot by Ondrej Palat.
12:27 of 3rd period - Stopped by Joacim Eriksson without a rebound.
12:28 of 3rd period - Ryan Nugent-Hopkins wins face-off versus Casey Cizikas in Stars zone.
13:42 of 3rd period - Snap shot by Brandon Dubinsky.
13:42 of 3rd period - Goal by Brandon Dubinsky - Lightning : 8 - Stars : 2.
13:43 of 3rd period - Mike Richards wins face-off versus Derek MacKenzie in neutral zone.
13:50 of 3rd period - Snap shot by Jonathan Drouin.
13:50 of 3rd period - Shot Blocked by Matt Calvert.
15:21 of 3rd period - Wrist shot by Ryan Suter.
15:21 of 3rd period - Deflect By Alexandre Burrows.
15:21 of 3rd period - Stopped by Joacim Eriksson with a rebound.
15:23 of 3rd period - Slapshot by Ryan Suter.
15:23 of 3rd period - Deflect By Alexandre Burrows.
15:23 of 3rd period - Stopped by Joacim Eriksson with a rebound.
15:27 of 3rd period - Slapshot by Alexander Steen.
15:27 of 3rd period - Stopped by Joacim Eriksson with a rebound.
16:15 of 3rd period - Backhand shot by Brett Ritchie.
16:15 of 3rd period - Stopped by Carey Price with a rebound.
17:37 of 3rd period - Ondrej Palat is hit by Mike Richards and loses puck.
18:01 of 3rd period - Wrist shot by Ondrej Palat.
18:01 of 3rd period - Stopped by Joacim Eriksson with a rebound.
18:34 of 3rd period - Alex Petrovic is hit by Jiri Tlusty and loses puck.
18:53 of 3rd period - Wrist shot by Patric Hornqvist.
18:53 of 3rd period - Shot Misses the Net.
19:24 of 3rd period - Derek MacKenzie is hit by Brett Ritchie and loses puck.
19:33 of 3rd period - Snap shot by Cory Conacher.
19:33 of 3rd period - Shot Misses the Net.
19:39 of 3rd period - Matt Tennyson is hit by Derek MacKenzie and loses puck.
Goals for this period are 4 for Lightning vs 1 for Stars.
Shots for this period are 14 for Lightning vs 3 for Stars.